AoeStats
← Blue

Arabia

509580777Analyzed
4v4 RM · 6d ago on Sep 27, 2026· 70m 26s· 8 players
Game mode
Random Map
Map size
Large (8 player)
Population
200
Speed
Normal
Resources
Standard
Victory
Conquest
Starting age
Dark Age
Ending age
Imperial Age
RankedLock teamsTeams togetherTeam positionsShared explorationLock speedFull tech treeHidden civsTurbo modeCheats
Victory
Defeat
🇩🇪 Maya · Germany
1661
+9
🇪🇸 Persians · Spain
1641
+10
🇳🇱 Gurjaras · Netherlands
1564
+13
🇨🇳 Teutons · China
1502
+15
🇦🇺 Malians · Australia
1565
-14
🇦🇺 Varangians · Australia
1525
-13
🇦🇺 Shu · Australia
1464
-10
🇦🇺 Bengalis · Australia
1441
-10
Ra
0:25 Loom
9:00 Feudal Age
14:42 Fletching
19:23 Town Watch
24:08 Castle Age
22:57 Double-Bit Axe
23:35 Padded Archer Armor
24:10 Crossbowman
24:47 Bodkin Arrow
31:49 Ballistics
32:35 Gold Mining
32:36 Horse Collar
44:14 Wheelbarrow
43:59 Stone Mining
55:26 Imperial Age
55:56 Leather Archer Armor
57:07 Chemistry
56:20 Bracer
55:59 Arbalester
59:24 Ring Archer Armor
60:35 Conscription
63:24 Thumb Ring
63:50 Guilds
65:13 Caravan
69:10 Forging
Josu Stark
6:28 Loom
8:38 Feudal Age
9:50 Double-Bit Axe
13:47 Horse Collar
16:10 Wheelbarrow
17:36 Forging
17:37 Bloodlines
17:38 Town Watch
18:55 Scale Barding Armor
26:08 Castle Age
24:47 Gold Mining
27:01 Chain Barding Armor
26:41 Heavy Plow
26:53 Bow Saw
26:46 Husbandry
28:08 Iron Casting
31:32 Gold Shaft Mining
36:26 Hand Cart
39:30 Stone Mining
43:37 Imperial Age
40:45 Light Cavalry
42:46 Stone Shaft Mining
43:15 Cavalier
44:28 Crop Rotation
44:58 Two-Man Saw
44:22 Conscription
44:38 Plate Barding Armor
44:25 Fletching
44:45 Savar
46:48 Blast Furnace
48:01 Chemistry
47:11 Masonry
46:56 Murder Holes
47:23 Ballistics
49:15 Coinage
49:51 Hoardings
48:46 Hussar
50:55 Architecture
52:47 Bodkin Arrow
59:58 Guilds
61:00 Caravan
69:03 Coinage
69:38 Citadels
Komkommersla
4:53 Loom
9:17 Feudal Age
10:56 Double-Bit Axe
10:54 Horse Collar
18:34 Forging
19:35 Scale Barding Armor
21:11 Wheelbarrow
22:31 Fletching
25:14 Castle Age
24:01 Bloodlines
25:15 Light Cavalry
28:54 Husbandry
31:13 Bow Saw
35:47 Chain Barding Armor
36:49 Iron Casting
37:34 Gold Mining
38:58 Hand Cart
38:32 Town Watch
45:04 Imperial Age
45:09 Heavy Camel Rider
46:28 Plate Barding Armor
53:52 Frontier Guards
57:43 Conscription
58:40 Hussar
64:24 Heavy Plow
64:31 Caravan
65:46 Kshatriyas
秦墨子
6:25 Loom
9:53 Feudal Age
11:31 Double-Bit Axe
11:39 Gold Mining
15:54 Wheelbarrow
15:12 Fletching
18:53 Padded Archer Armor
21:26 Forging
21:17 Scale Mail Armor
25:09 Castle Age
25:27 Crossbowman
26:46 Bodkin Arrow
27:12 Hand Cart
29:05 Ballistics
35:13 Imperial Age
33:25 Bow Saw
34:05 Elite Skirmisher
35:12 Town Watch
36:13 Squires
36:37 Stone Mining
37:35 Leather Archer Armor
36:53 Pikeman
39:35 Ring Archer Armor
39:40 Iron Casting
39:20 Chain Mail Armor
39:46 Ballistics
39:55 Halberdier
40:21 Arson
43:08 Blast Furnace
42:23 Chain Mail Armor
44:25 Chemistry
44:18 Conscription
44:27 Chain Mail Armor
50:53 Plate Mail Armor
53:05 Scale Barding Armor
57:40 Two-Man Saw
57:03 Gambesons
56:39 Man-at-Arms
61:05 Chemistry
61:29 Long Swordsman
63:41 Two-Handed Swordsman
66:44 Chain Barding Armor
Blue
6:38 Loom
9:04 Feudal Age
11:09 Double-Bit Axe
13:23 Fletching
18:25 Gold Mining
23:44 Castle Age
23:53 Crossbowman
24:29 Bodkin Arrow
25:00 Padded Archer Armor
25:12 Bow Saw
25:35 Thumb Ring
26:15 Ballistics
28:14 Leather Archer Armor
31:14 Wheelbarrow
34:54 Hand Cart
39:20 Imperial Age
39:07 Town Watch
40:02 Bracer
41:04 Chemistry
39:26 Arbalester
40:39 Siege Engineers
44:33 Gold Shaft Mining
45:00 Two-Man Saw
43:41 Horse Collar
45:27 Masonry
46:28 Conscription
47:23 Bolt Magazine
47:02 Pikeman
48:31 Scale Mail Armor
48:41 Forging
49:48 Caravan
50:10 Halberdier
52:31 Squires
52:47 Chain Mail Armor
54:27 Hoardings
54:24 Architecture
54:38 Arson
55:25 Plate Mail Armor
56:21 Fortified Wall
59:49 Coiled Serpent Array
60:21 Ring Archer Armor
63:15 Coinage
63:24 Heavy Plow
67:55 Banking
TDI
6:25 Loom
8:49 Feudal Age
9:25 Double-Bit Axe
13:00 Bloodlines
15:13 Wheelbarrow
17:32 Scale Barding Armor
20:44 Castle Age
20:09 Forging
20:25 Horse Collar
20:47 Light Cavalry
21:55 Chain Barding Armor
21:45 Gold Mining
22:18 Bow Saw
24:00 Husbandry
26:55 Town Watch
37:53 Iron Casting
37:02 Vendel Legacy
39:04 Heavy Plow
39:52 Hand Cart
44:41 Imperial Age
42:52 Herbal Medicine
45:47 Conscription
44:50 Elite Jarl
46:07 Plate Barding Armor
46:38 Blast Furnace
45:22 Cavalier
46:41 Hussar
48:12 Scale Mail Armor
48:04 Pikeman
48:44 Squires
48:31 Arson
48:44 Halberdier
54:15 Chain Mail Armor
56:02 Two-Man Saw
55:36 Stone Mining
61:10 Caravan
65:46 Padded Archer Armor
Top Geary
6:30 Loom
9:17 Feudal Age
10:42 Double-Bit Axe
10:40 Horse Collar
16:11 Scale Barding Armor
18:43 Wheelbarrow
19:27 Forging
20:21 Bloodlines
26:32 Castle Age
24:55 Gold Mining
27:16 Husbandry
27:37 Chain Barding Armor
32:30 Bow Saw
32:22 Heavy Plow
36:17 Iron Casting
38:52 Hand Cart
41:13 Imperial Age
42:53 Plate Barding Armor
41:40 Cavalier
41:46 Heavy Camel Rider
47:52 Farimba
58:27 Conscription
60:03 Caravan
61:05 Light Cavalry
SlateRS
7:23 Loom
9:27 Feudal Age
14:01 Fletching
27:29 Castle Age
27:36 Crossbowman
28:11 Bodkin Arrow
28:33 Double-Bit Axe
29:31 Ballistics
57:10 Imperial Age
55:19 Caravan
57:28 Gold Mining
57:16 Arbalester
57:57 Bracer
59:06 Chemistry
60:03 Padded Archer Armor
Connection lost

Rejoining the realm…

Still unreachable

The connection could not be restored.

Session expired

The server has moved on; the page needs a fresh start.